 Dungeon Crawl Stone Soup version 0.27-a0-59-gfbafd837a3 (webtiles) character file.

Game seed: 7775721593438680469

31 Borgoz the Shield-Bearer (level 3, 0/26 HPs)
             Began as a Halfling Fighter on Jan 8, 2021.
             Slain by an adder (1 damage)
             ... on level 2 of the Dungeon.
             The game lasted 00:01:12 (1337 turns).

Borgoz the Shield-Bearer (Halfling Fighter)         Turns: 1337, Time: 00:01:12

Health: 0/26       AC:  7    Str: 18    XL:     3   Next: 40%
Magic:  3/3        EV:  9    Int:  6    God:
Gold:   106        SH:  9    Dex: 13    Spells: 2/2 levels left

rFire    . . .     SeeInvis .   i - -2 dagger (curse)
rCold    . . .     Faith    .   c - +0 kite shield
rNeg     . . .     Spirit   .   b - +1 scale mail
rPois    .         Reflect  .   (no helmet)
rElec    .         Harm     .   (no cloak)
rCorr    .         Rampage  .   (no gloves)
Will     .....                  (no boots)
Stlth    ..........             (no amulet)
HPRegen  0.08/turn              (no ring)
MPRegen  0.08/turn              (no ring)

@: mighty, lethally poisoned (0 -> -4)
A: small, mutation resistance 1
a: no special abilities


You were on level 2 of the Dungeon.
You visited 1 branch of the dungeon, and saw 2 of its levels.

You collected 106 gold pieces.

Inventory:

Hand Weapons
 a - a +0 long sword
 i - a cursed -2 dagger (weapon)
Armour
 b - a +1 scale mail (worn)
 c - a +0 kite shield (worn)
Scrolls
 f - a scroll of identify
 h - 2 scrolls of teleportation
Potions
 d - a potion of might


   Skills:
 + Level 3.0 Fighting
 + Level 2.4 Long Blades
 + Level 3.6 Armour
 + Level 3.6 Shields


You had 2 spell levels left.
You didn't know any spells.
Your spell library was empty.

Dungeon Overview and Level Annotations

Branches:
Dungeon (2/15)

Altars:


Innate Abilities, Weirdness & Mutations

You are small and have problems with some larger weapons.
You are somewhat resistant to further mutation.


Message History

The adder is almost dead.
* * * LOW HITPOINT WARNING * * *
You feel sick. The goblin hits you but does no damage.
The adder bites you but does no damage. You block the worm's attack.
You barely miss the adder.
The adder is almost dead.
The adder misses you. The goblin hits you but does no damage.
The adder closely misses you. The worm bites you.
* * * LOW HITPOINT WARNING * * *
You closely miss the adder.
The adder is almost dead.
* * * LOW HITPOINT WARNING * * *
You feel sick. You block the goblin's attack. You block the adder's attack.
The goblin hits you but does no damage.
You miss the adder.
The adder is almost dead.
The adder bites you but does no damage. The worm bites you.
* * * LOW HITPOINT WARNING * * *
The goblin closely misses you. The adder bites you.
You die...

..# #.# #.# #.# #.#
##.#####.#
#......#.#######
##.#..###.#.#<....##
......S@w.....†.....#
##.#..#g..#..........
....................
##.#..#.#.#######.#..
# #..#.#.# .# . #.
#.#.# # #. ..... #
.....


You could see a worm, an adder and a goblin.

Vanquished Creatures
  3 dart slugs (D:1)
  A leopard gecko (D:1)
  2 ball pythons (D:1)
  2 bats (D:1)
  A giant cockroach (D:2)
  6 goblins (D:1)
  4 hobgoblins (D:1)
  3 rats (D:1)
22 creatures vanquished.

Notes
Turn   | Place    | Note
-------+----------+-------------------------------------------
     0 | D:1      | Borgoz the Halfling Fighter began the quest for the Orb.
     0 | D:1      | Reached XP level 1. HP: 15/15 MP: 1/1
   310 | D:1      | Reached XP level 2. HP: 19/20 MP: 2/2
   777 | D:1      | Reached XP level 3. HP: 16/25 MP: 3/3
  1337 | D:2      | HP: 1/26 [worm (1)]
  1337 | D:2      | Slain by an adder

Illustrated notes

Levels and vault maps discovered:
D:1:      psy_arrival_radial02, layout_basic, supply_closet_lemuel,
          kennysheep_boxes
D:2:      layout_basic, kennysheep_generic_room_16

Skill      XL: |  1  2  3 |
---------------+----------+-----
Fighting       | 3 |  3.0
Long Blades    | |  2.4
Armour         | |  3.6
Shields        | |  3.6

Action                   || total
-------------------------++-------
Melee: Long sword        ||    59
       Dagger            ||    54
  Use: Scroll            ||     3
       Potion            ||     1
Armor: Scale mail        ||    43
Dodge: Dodged            ||    37
Block: Kite shield       ||    70
       Rpst.: Long sword ||     5

Table legend: (Time is in decaauts)
 A = Elapsed time spent in this place.
 B = Non-inter-level travel time spent in this place.
 C = Inter-level travel time spent in this place.
 D = Time resting spent in this place.
 E = Time spent auto-exploring this place.
 F = Levels seen in this place.
 G = Mean time per level.
                   A        B        C        D        E       F      G
               +--------+--------+--------+--------+--------+-----+--------+
         Total |   1358 |   1298 |     60 |    167 |    936 |   2 |  679.0 |
       Dungeon |   1358 |   1298 |     60 |    167 |    936 |   2 |  679.0 |
               +--------+--------+--------+--------+--------+-----+--------+

Top non-repeatable levels by time:
     D:1: 1308 daAuts
     D:2: 49 daAuts
